 Dungeon Crawl Stone Soup version 0.26-a0-720-g2a1d101370 (webtiles) character file.

Game seed: 18280598183599560178

25 GordonOverkill the Skirmisher (level 2, -3/27 HPs)
             Began as a Palentonga Chaos Knight on Nov 2, 2020.
             Was a Plaything of Xom.
             Slain by Terence
             ... wielding a +0 short sword
              (5 damage)
             ... on level 2 of the Dungeon.
             The game lasted 00:02:25 (697 turns).

GordonOverkill the Skirmisher (PaCK)                 Turns: 697, Time: 00:02:26

Health: -3/27      AC:  7    Str: 15    XL:     2   Next: 82%
Magic:  2/2        EV:  9    Int: 12    God:    Xom [..*...]
Gold:   42         SH:  0    Dex:  9    Spells: 1/1 levels left

rFire    . . .     SeeInvis +   a - +0 hand axe (chaos)
rCold    . . .     Faith    .   (no shield)
rNeg     . . .     Spirit   .   b - +2 leather armour
rPois    .         Reflect  .   f - +0 helmet
rElec    .         Harm     .   c - scarf {+Inv}
rCorr    .         Rampage  .   (no gloves)
MR       .....                  (no barding)
Stlth    +.........             (no amulet)
HPRegen  0.09/turn              (no ring)
MPRegen  0.08/turn              (no ring)

@: no status effects
A: large, rugged brown scales 3, see invisible, deformed body, roll, armoured
tail
a: Rolling Charge, Renounce Religion, Evoke Invisibility


You were on level 2 of the Dungeon.
You worshipped Xom.
You were a toy of Xom.
You visited 1 branch of the dungeon, and saw 2 of its levels.

You collected 42 gold pieces.

Inventory:

Hand Weapons
 a - a +0 hand axe of chaos (weapon)
Missiles
 g - 26 poisoned darts (quivered)
Armour
 b - a +2 leather armour (worn)
 c - a scarf of invisibility (worn)
 f - a +0 helmet (worn)
Scrolls
 e - a scroll of random uselessness {unknown}
 i - a scroll of magic mapping {unknown}
Potions
 d - 2 potions of degeneration {unknown}
 h - 2 potions of berserk rage {unknown}


   Skills:
 + Level 3.2 Fighting
 + Level 3.2 Axes
 + Level 1.9 Armour
 + Level 1.2 Dodging
 + Level 0.7 Evocations


You had one spell level left.
You didn't know any spells.
Your spell library was empty.

Dungeon Overview and Level Annotations

Branches:
Dungeon (2/15)

Altars:

Annotations:
D:2 Terence


Innate Abilities, Weirdness & Mutations

You are completely covered in rugged brown scales. (AC +3, +7% HP)
You have supernaturally acute eyesight. (SInv)
Armour fits poorly on your strangely shaped body.
You can roll at foes to attack.
You have a long armoured tail.


Message History

You hit Terence but do no damage.
Your tail-slap misses Terence.
Terence is almost dead.
You hit the goblin. You freeze the goblin.
You kill the goblin!
Terence barely misses you. Terence hits you but does no damage.
You barely miss Terence.
Terence is almost dead.
Terence closely misses you.
You hit Terence.
Terence is almost dead.
Terence hits you with a +0 short sword!
* * * LOW HITPOINT WARNING * * *
Terence barely misses you.
Okay, then.
You hit Terence.
Terence is almost dead.
Terence hits you with a +0 short sword.
* * * LOW HITPOINT WARNING * * *
Terence hits you with a +0 short sword.
You die...

#
####.#######..
#.....@@..(...
####..)....(##
#........#
#........#
.........#
..........#
#.........^#
###........#


You could see Terence (berserk, strong, resistant, drained).

Vanquished Creatures
  A ball python (D:1)
  6 bats (D:1)
  2 giant cockroaches
  2 hobgoblins (D:1)
  2 kobolds (D:1)
  5 frilled lizards
  4 goblins
  3 rats (D:1)
25 creatures vanquished.

Notes
Turn   | Place    | Note
-------+----------+-------------------------------------------
     0 | D:1      | GordonOverkill the Palentonga Chaos Knight began the quest
                  | for the Orb.
     0 | D:1      | Reached XP level 1. HP: 20/20 MP: 1/1
   120 | D:1      | Reached skill level 1 in Dodging
   170 | D:1      | Reached XP level 2. HP: 27/27 MP: 2/2
   258 | D:1      | XOM: silly message
   548 | D:1      | XOM: silly message
   678 | D:2      | Noticed Terence
   693 | D:2      | XOM: silly message
   697 | D:2      | Slain by Terence

Illustrated notes

Levels and vault maps discovered:
D:1:      scummos_arrival_star, layout_basic, chequers_serial_rivers_micro_d
D:2:      layout_basic, kennysheep_generic_room_3, uniq_jessica, uniq_terence,
          uniq_crazy_yiuf_cottage

Skill      XL: |  1 |
---------------+----+-----
Dodging        | 1 |  1.2
Fighting       | |  3.2
Axes           | |  3.2
Armour         | |  1.9
Evocations     | |  0.7

Action                   || total
-------------------------++-------
Melee: Hand axe          ||    57
       Tailslap          ||     7
Throw: Dart              ||     4
Armor: Leather armour    ||    25
Dodge: Dodged            ||    28

Table legend: (Time is in decaauts)
 A = Elapsed time spent in this place.
 B = Non-inter-level travel time spent in this place.
 C = Inter-level travel time spent in this place.
 D = Time resting spent in this place.
 E = Time spent auto-exploring this place.
 F = Levels seen in this place.
 G = Mean time per level.
                   A        B        C        D        E       F      G
               +--------+--------+--------+--------+--------+-----+--------+
         Total |    704 |    701 |      3 |     41 |    478 |   2 |  352.0 |
       Dungeon |    704 |    701 |      3 |     41 |    478 |   2 |  352.0 |
               +--------+--------+--------+--------+--------+-----+--------+

Top non-repeatable levels by time:
     D:1: 684 daAuts
     D:2: 20 daAuts
